ElectroGuy, lawful male dwarven Archeologist --- |. -------- |.----- |....... |.|()/| |..%..)| # |.|%)]| |.....<(# ### |.|?!%| ---|-|--### # |.|...| ----+--- --- | # # # ## |@-|--- --- ...............| ##### ## @.'...........{......{..........| # ## # |@--|--- -- --- -- | `#### ###-.|...| -.-.----- |.|(((| |.......| |.|(((| |...>...| |.|(((| |.....(.| |.----- --------- |. --- ElectroGuy the Field Worker Experience level: 5 Strength: 15 Dexterity: 10 Constitution: 13 Intelligence: 16 Wisdom: 15 Charisma: 10 Health: 0(41) Energy: 14(14) Def: 5 Gold: 537 Moves: 3500 Dungeon seed: 3ekhz2MjEFCZq8xe Game ID: ElectroGuy_1577383820 Your Inventory: Coins $ - 537 gold pieces Weapons a - a +2 bullwhip g - 2 +0 shuriken s - a +0 trident u - 3 +0 darts (in quiver) M - a +0 sling V - a +0 aklys Armor e - an uncursed +0 pair of iron shoes (being worn) n - an uncursed +0 fedora (being worn) y - an uncursed +0 studded leather armor (being worn) Comestibles b - 3 uncursed food rations Rings m - an uncursed ring of teleportation Wands k - a wand of digging (0:4) U - a wand of striking (0:6) Tools c - a +0 pick-axe (weapon in hand) d - a tinning kit (0:39) f - an uncursed sack o - an uncursed skeleton key H - an uncursed sack J - an uncursed mirror T - an uncursed mirror Gems q - an uncursed touchstone r - 3 uncursed opals z - an uncursed agate stone E - an uncursed aquamarine stone F - an uncursed worthless piece of violet glass K - an uncursed worthless piece of black glass L - 2 uncursed black opals N - an uncursed worthless piece of yellow glass R - 2 uncursed worthless pieces of green glass Y - 3 uncursed worthless pieces of white glass Spells and supernatural/magical abilities: Name Level Category Fail Memory W - pray for help -- divine ? -- Your skills at the end: Fighting Skills Weapon Skills pick-axe [Skilled] whip [Basic] Spellcasting Skills Final Attributes: You were piously aligned. You had infravision. You were stealthy. You aggravated monsters. You were held by a rope golem. You were fast. You were unlucky. You are dead. Vanquished creatures: a mountain nymph 3 Uruk-hai a gnomish wizard a ghoul a straw golem a little dog 2 floating eyes 3 kittens 5 dwarves a homunculus a kobold lord a kobold shaman a dwarf zombie 2 iguanas an acid blob a coyote a hobbit a hobgoblin a giant rat a cave spider a brown mold a yellow mold 18 gnomes 2 geckos 8 jackals 2 foxes 2 kobolds 6 grid bugs 2 lichens a kobold zombie 2 newts 75 creatures vanquished. Voluntary challenges: You used a wielded weapon 117 times, starting on turn 195. You read items or engraved 2 times, starting on turn 100. You never genocided any monsters. You never polymorphed an object. You never changed form. You used no wishes. You never split a pudding. You never wrote Elbereth's name. You violated your moral code, losing 61 points of alignment, starting on turn 922. Dungeon overview: The Dungeons of Doom: levels 1 to 3 Level 1 a long staircase Level 2 a jewelry store, an altar to Quetzalcoatl Level 3 a fountain, a sink stairs to The Gnomish Mines The Gnomish Mines: levels 4 to 7 Level 4 stairs to The Dungeons of Doom Level 5 Level 6 Level 7 <- You were here some shops, some fountains History has recorded: On T:1 you entered the Dungeons of Doom to retrieve the Amulet of Yendor! On T:3 you reached level 2 of The Dungeons of Doom. On T:376 you reached level 3 of The Dungeons of Doom. On T:597 you advanced to experience level 2. On T:845 you reached level 1 of The Gnomish Mines. On T:931 you advanced to experience level 3. On T:1796 you advanced to experience level 4. On T:1832 you reached level 2 of The Gnomish Mines. On T:2254 you advanced to experience level 5. On T:2424 you reached level 3 of The Gnomish Mines. On T:3185 you reached level 4 of The Gnomish Mines. Score breakdown: Gold: 537 ( 9289 points) Experience: 5 levels (11141 points) Exploration: 7 levels ( 14.00%) (10497 points) Discoveries: 18 items ( 6.16%) ( 7448 points) Valuables value: (no points given unless you survive) Artifact value: 0 ( 0 points) Variety of kills: 31 monsters ( 8.14%) ( 8557 points) Turncount: 3500 turns ( -827 points) Survival: died (score multiplied by 80%) Total score: 36884 Latest messages: You are now wielding your pick-axe. You are now more skilled in pick-axe. You hit the rope golem. You miss the rope golem. (2x) The rope golem hits! The rope golem just misses! You miss the rope golem. The rope golem hits! (2x) The rope golem grabs you! You cannot escape from the rope golem! The rope golem hits! (2x) You are being choked. You cannot escape from the rope golem! You begin praying to Quetzalcoatl. The rope golem hits! (2x) You are being choked. You die... The sack is empty. (2x) The sack is empty. (2x) Final status: Goodbye ElectroGuy the Archeologist, killed by a rope golem, while praying... You died in The Gnomish Mines on dungeon level 7 with 36884 points, and 537 pieces of gold, after 3500 moves. You were level 5 with a maximum of 41 hit points when you died.